 Dungeon Crawl Stone Soup version 0.21-a0-356-g45b0a09 (webtiles) character file.

77 Ijustatesigmund the Sneak (level 4, -1/21 HPs)
             Began as a Spriggan Enchanter on Oct 12, 2017.
             Slain by a gnoll
             ... wielding a cursed +0 club
              (3 damage)
             ... on level 3 of the Dungeon.
             The game lasted 00:04:23 (1338 turns).

Ijustatesigmund the Sneak (Spriggan Enchanter)      Turns: 1338, Time: 00:04:24

Health: -1/21      AC:  2    Str:  4    XL:     4   Next: 13%
Magic:  11/11      EV: 18    Int: 18    God:
Gold:   20         SH:  4    Dex: 17    Spells: 8/11 levels left

rFire    . . .     SeeInvis +   a - +1 dagger
rCold    . . .     Gourm    .   (shield restricted)
rNeg     . . .     Faith    .   b - +0 robe
rPois    .         Spirit   .   (helmet restricted)
rElec    .         Reflect  .   (no cloak)
rCorr    .         Harm     .   (gloves unavailable)
MR       .....                  (boots unavailable)
Stlth    +++.......             (no amulet)
HPRegen  0.07/turn              (no ring)
MPRegen  0.12/turn              (no ring)

@: flying, very quick
A: unfitting armour, large bone plates 1, see invisible, clever 1, herbivore 3,
speed 3, slow metabolism 2
a: no special abilities


You were on level 3 of the Dungeon.
You were not hungry.

You visited 1 branch of the dungeon, and saw 3 of its levels.

You collected 20 gold pieces.

Inventory:

Hand Weapons
 a - a +1 dagger (weapon)
Armour
 b - a +0 robe (worn)
Scrolls
 h - a scroll of remove curse
Potions
 e - a potion of curing
 i - a potion of flight
Books
 c - a book of Maledictions

   Spells                             Type                      Level
   a - Corona                         Hexes                        1
   b - Ensorcelled Hibernation        Hexes/Ice                    2
   c - Confuse                        Hexes                        3
   d - Tukima's Dance                 Hexes                        3
   e - Dazzling Spray                 Conjuration/Hexes            3
Comestibles
 d - 2 bread rations
 g - 2 fruits


   Skills:
 + Level 3.1 Short Blades
 - Level 3.0 Dodging
 - Level 4.4 Stealth
 + Level 4.3 Spellcasting
 - Level 3.6 Hexes


You had 8 spell levels left.
You knew the following spells:

 Your Spells              Type           Power        Failure   Level  Hunger
a - Corona                Hex            ###....      3%          1    None
b - Ensorcelled Hibernat  Hex/Ice        ##....       11%         2    ##.....


Dungeon Overview and Level Annotations

Branches:
Dungeon (3/15)

Altars:


Innate Abilities, Weirdness & Mutations

You are very small and have problems with some larger weapons.
You are too small for most types of armour.
You have supernaturally acute eyesight. (SInv)
You are a herbivore.
You cover ground extremely quickly.
You need consume almost no food.
You are partially covered in large bone plates. (SH +4)
Your mind is acute. (Int +2)


Message History

You fly up into the air.
The gnoll closely misses you. The gnoll misses you.
Okay, then.
It was a potion of curing.
You feel better. The gnoll hits you!
* * * LOW HITPOINT WARNING * * *
The gnoll closely misses you.
It was a potion of magic.
Magic courses through your body. The gnoll misses you. x2
It was a potion of mutation.
You feel extremely strange.
You feel clumsy.
You feel clever.
Large bone plates grow over parts of your arms.
You feel agile. The gnoll misses you.
You hit the gnoll but do no damage.
The gnoll is lightly wounded.
The gnoll stops glowing.
The gnoll barely misses you. The gnoll hits you.
* * * LOW HITPOINT WARNING * * *
You closely miss the gnoll.
The gnoll is lightly wounded.
The gnoll hits you with a club.
You die...

#####.#
#...).#
#.....#
#++##.# #.#
#.# #'###
#.g.# #)g@#
##### ≈≈≈≈
≈≈≈≈≈≈≈
P....?....
........P..
############


You could see 2 gnolls.

Vanquished Creatures
  A gnoll shaman (D:3)
  3 gnolls (D:3)
  A leopard gecko (D:1)
  A giant cockroach (D:1)
  3 goblins (D:1)
  4 kobolds (D:1)
  4 bats
  2 frilled lizards (D:1)
  4 rats
23 creatures vanquished.

Notes
Turn   | Place    | Note
-------+----------+-------------------------------------------
     0 | D:1      | Ijustatesigmund the Spriggan Enchanter began the quest for the Orb.
     0 | D:1      | Reached XP level 1. HP: 9/9 MP: 5/5
   709 | D:1      | Reached XP level 2. HP: 13/13 MP: 7/7
   713 | D:1      | Learned a level 2 spell: Ensorcelled Hibernation
  1255 | D:2      | Noticed an ogre
  1288 | D:3      | Reached XP level 3. HP: 16/16 MP: 7/9
  1325 | D:3      | Reached XP level 4. HP: 12/21 MP: 11/11
  1336 | D:3      | Gained mutation: You are clumsy. (Dex -2) [potion of mutation]
  1336 | D:3      | Gained mutation: Your mind is acute. (Int +2) [potion of mutation]
  1336 | D:3      | Gained mutation: You are partially covered in large bone plates. (SH +4) [potion of mutation]
  1336 | D:3      | Lost mutation: You are clumsy. (Dex -2) [potion of mutation]
  1338 | D:3      | Slain by a gnoll

Vault maps used:
D:1:      eino_arrival_water_star
D:2:      first_bread
D:3:      lemuel_castle_with_subvaults

Skill      XL: |  1  2  3 |
---------------+----------+-----
Spellcasting   | 3 4 |  4.3
Short Blades   | 2 3 |  3.1
Dodging        | |  3.0
Stealth        | |  4.4
Hexes          | |  3.6

Action                   |  1- 3 |  4- 6 || total
-------------------------+-------+-------++-------
Melee: Dagger            |    61 |     7 ||    68
 Cast: Corona            |       |     1 ||     1
  Use: Scroll            |     5 |       ||     5
       Potion            |       |     4 ||     4
 Stab: Sleeping          |    11 |       ||    11
Armor: Robe              |     7 |       ||     7
Dodge: Dodged            |    57 |    13 ||    70

Table legend:
 A = Spawn XP
 B = Non-spawn XP
 C = Spawn XP percentage of total XP
 D = Spawn monster count
 E = Non-spawn monster count
 F = Spawn count percentage of total count
 G = Total turns spent on level
                    A         B        C        D         E        F      G
               +---------+---------+-------+---------+---------+-------+---------
         Total |       0 |     110 |   0.0 |       0 |      23 |   0.0 |  1338
               +---------+---------+-------+---------+---------+-------+---------
           D:1 |       0 |      25 |   0.0 |       0 |      17 |   0.0 |  1211
           D:2 |       0 |       3 |   0.0 |       0 |       2 |   0.0 |    76
           D:3 |       0 |      82 |   0.0 |       0 |       4 |   0.0 |    51
               +---------+---------+-------+---------+---------+-------+---------
